 Dungeon Crawl Stone Soup version 0.28.0-1-gb440e238dd (webtiles) character file.

Game seed: 18016733840045996948

14 Snicker the Sneak (level 2, -6/24 HPs)
             Began as a Demonspawn Delver on Feb 20, 2022.
             Mangled by an ogre (30 damage)
             ... on level 4 of the Dungeon.
             The game lasted 00:00:46 (758 turns).

Snicker the Sneak (Demonspawn Delver)                Turns: 758, Time: 00:00:47

Health: -6/24      AC:  3    Str: 12    XL:     2   Next: 31%
Magic:  2/2        EV: 11    Int: 11    God:
Gold:   53         SH:  0    Dex: 14    Spells: 1/1 levels left

rFire   . . .      SeeInvis .   i - +2 whip (drain)
rCold   . . .      Faith    .   (no shield)
rNeg    . . .      Spirit   .   b - +0 leather armour
rPois   .          Reflect  .   (no helmet)
rElec   .          Harm     .   (no cloak)
rCorr   .          Rampage  .   (no gloves)
Will    .....                   (no boots)
Stlth   +++.......              (no amulet)
HPRegen 0.08/turn               (no ring)
MPRegen 0.08/turn               (no ring)

@: no status effects
A: claws 1
a: no special abilities


You were on level 4 of the Dungeon.
You visited 1 branch of the dungeon, and saw 2 of its levels.

You collected 53 gold pieces.

Inventory:

Hand Weapons
 a - a +0 short sword
 i - a +2 whip of draining (weapon)
Armour
 b - a +0 leather armour (worn)
 h - a scarf of harm
Wands
 g - a wand of digging (3)
Scrolls
 c - a scroll of fog
 d - a scroll of magic mapping
 e - 4 scrolls of fear
 j - a scroll of identify {unknown}
 l - a scroll of teleportation {unknown}
Potions
 f - a potion of haste
 m - a potion of attraction {unknown}


   Skills:
 + Level 3.0 Fighting
 + Level 1.7 Short Blades
 + Level 0.1 Armour
 + Level 1.7 Dodging
 * Level 5.1 Stealth


You had one spell level left.
You didn't know any spells.
Your spell library was empty.

Dungeon Overview and Level Annotations

Branches:
Dungeon (5/15)
 Temple: D:4-7

Altars:


Innate Abilities, Weirdness & Mutations

You have sharp fingernails.


Message History

You open the door.
Found a stone staircase leading down.
There is an open door here.
k - a black potion
Found an escape hatch in the floor.
There is an escape hatch in the floor here.
l - a scroll labelled ITASEDGHA VIFIL
m - an orange potion
e - 4 scrolls of fear (gained 3)
A hobgoblin comes into view.
A hobgoblin is nearby!
The hobgoblin shouts!
You hit the hobgoblin.
The hobgoblin is heavily wounded.
The hobgoblin closely misses you.
You barely miss the hobgoblin.
The hobgoblin is moderately wounded.
The hobgoblin misses you.
You hit the hobgoblin. You drain the hobgoblin.
You kill the hobgoblin!
Found 12 arrows.
You see here 12 arrows.
Found a dagger.
A hobgoblin comes into view.
A hobgoblin is nearby!
Found a dagger.
A bullfrog skeleton and an ogre come into view.
The ogre shouts!
You barely miss the hobgoblin. The hobgoblin barely misses you.
The hobgoblin closely misses you.
You hit the hobgoblin.
You kill the hobgoblin!
Okay, then.
Unknown command.
It was a potion of curing.
You feel better.
You hit the ogre.
The ogre is moderately wounded.
The ogre hits you with a +0 giant club!!
Ouch! That really hurt!
You die...

# #... #. # #..## #.
.....# #( #.#.# #. #.#.#
#. ####### #.#.# #.
....... .#.# #.
#..#...#####.)# #.
#......ZO@....# #######.
#.##..)#####..###.#.......
#### #......#.######
#.######.# #.######.#
#........# ##########


You could see an ogre and a bullfrog skeleton.

Vanquished Creatures
  5 orcs
  An endoplasm (D:4)
  2 hobgoblins (D:4)
8 creatures vanquished.

Notes
Turn   | Place    | Note
-------+----------+-------------------------------------------
     0 | D:5      | Snicker the Demonspawn Delver began the quest for the Orb.
     0 | D:5      | Reached XP level 1. HP: 18/18 MP: 1/1
    25 | D:5      | Noticed a scorpion
   361 | D:4      | Reached skill level 5 in Stealth
   361 | D:4      | Gained mutation: You have sharp fingernails. [demonic
                  | ancestry]
   361 | D:4      | Reached XP level 2. HP: 7/24 MP: 2/2
   751 | D:4      | Noticed an ogre
   758 | D:4      | Mangled by an ogre

Illustrated notes

Levels and vault maps discovered:
D:4:      layout_basic, nicolae_tso_swordbearing_angel
D:5:      layout_rooms, bloody_makhleb, gammafunk_temple_overflow_statue,
          mainiacjoe_overflow_small_starburst, lemuel_temple_firewalk_b,
          minivault_5

Skill      XL: |  1 |
---------------+----+-----
Stealth        | 5 |  5.1
Fighting       | |  3.0
Short Blades   | |  1.7
Armour         | |  0.1
Dodging        | |  1.7

Action                   || total
-------------------------++-------
Melee: Whip              ||    18
       Short sword       ||     1
  Use: Potion            ||     1
 Stab: Sleeping          ||     1
Armor: Leather armour    ||     1
Dodge: Dodged            ||    10
